[Event "Titled Tuesday Blitz May 03 Late 2022"]
[White "Bluebaum, Matthias"]
[Black "Meduri, Aakaash"]
[WhiteFideId "24651516"]
[BlackFideId "2032252"]
[WhiteElo "2550"]
[BlackElo "2096"]
[Result "1-0"]
[Round "02"]
[TimeControl "180+1"]
[Date "2022.05.03"]
[WhiteClock "0:00:41"]
[BlackClock "0:00:07"]

1. b3 d5 2. Bb2 Nf6 3. Nf3 c6 4. d3 h6 5. g3 Bf5 6. Bg2 Nbd7 7. O-O e6 8. Nbd2 Be7 9. Re1 Bh7 10. e4 O-O 11. Qe2 a5 12. a3 Rc8 13. Rad1 Qb6 14. h3 a4 15. b4 c5 16. exd5 Nxd5 17. Nc4 Qb5 18. bxc5 Bxc5 19. Rb1 Qa6 20. Nfe5 N7f6 21. Ng4 b5 22. Nce5 Qa7 23. Bxd5 Nxd5 24. Nxh6+ Kh8 25. Rf1 f6 26. Nef7+ Rxf7 27. Qxe6 Rd7 28. Nf7+ Rxf7 29. Qxc8+ Rf8 30. Qg4 Ne7 31. Rbe1 Ng6 32. h4 Qc7 33. Kh2 Ne7 34. h5 Nf5 35. Re2 Nh6 36. Qf3 Bf5 37. Qd5 Bg4 38. f3 Bc8 39. Bc1 Bd6 40. Rg1 Bb7 41. Qxb5 Bxf3 42. Re8 Rxe8 43. Qxe8+ Ng8 44. h6 gxh6 45. Qg6 Qh7 46. Qxh7+ Kxh7 47. Bb2 Kg6 48. Rf1 Bd5 49. c4 Be6 50. Rc1 Be5 51. d4 Bc7 52. d5 Bf5 53. c5 Ba5 54. Bc3 Bxc3 55. Rxc3 Ne7 56. d6 Nc6 57. Rc4 Bd7 58. Rxa4 Kf7 59. Re4 f5 60. Rh4 Kg6 61. a4 Ne5 62. Kg2 Bxa4 63. Rxa4 Nd3 64. d7 Nxc5 65. d8=Q Nxa4 66. Qd6+ Kg5 67. Qe7+ Kh5 68. Qe8+ Kg5 69. Qxa4 Kh5 70. Qh4+ Kg6 71. Kf3 Kf7 72. Qxh6 Kg8 73. Kf4 Kf7 74. Kxf5 Kg8 75. g4 Kf7 76. g5 Kg8 77. Qf6 Kh7 78. Qe7+ Kg8 79. g6 Kh8 80. Qh7# 1-0


[Site "https://www.chess.com"]

[Event "Titled Tuesday Blitz May 03 Late 2022"]
[White "Bordi, Kevin"]
[Black "Jacobson, Brandon"]
[WhiteFideId "621862"]
[BlackFideId "30901561"]
[WhiteElo "2646"]
[BlackElo "2362"]
[Result "0-1"]
[Round "02"]
[TimeControl "180+1"]
[Date "2022.05.03"]
[WhiteClock "0:00:05"]
[BlackClock "0:00:56"]

1. e4 c5 2. Nf3 d6 3. d4 cxd4 4. Nxd4 Nf6 5. Nc3 Nc6 6. Bg5 e6 7. Qd2 a6 8. O-O-O Bd7 9. f4 Be7 10. Nf3 b5 11. e5 b4 12. exf6 bxc3 13. Qxc3 gxf6 14. Bh4 Rg8 15. h3 Rc8 16. Bxa6 Rc7 17. g4 Qa8 18. Bd3 Qxa2 19. Bxh7 Rh8 20. Bd3 Rxh4 21. Nxh4 d5 22. Qb3 Qa5 23. c3 Nd4 24. Qb8+ Rc8 25. Qb7 Bd6 26. Nf5 Bxf4+ 27. Kb1 Nxf5 28. gxf5 Rb8 29. Qa6 Qxc3 30. Qa2 Be5 31. fxe6 Rxb2+ 0-1


[Site "https://www.chess.com"]

[Event "Titled Tuesday Blitz May 03 Late 2022"]
[White "Burke, Paul"]
[Black "Sadovsky, Artem"]
[WhiteFideId "2605767"]
[BlackFideId "4155840"]
[WhiteElo "1833"]
[BlackElo "2314"]
[Result "1-0"]
[Round "02"]
[TimeControl "180+1"]
[Date "2022.05.03"]
[WhiteClock "0:01:11"]
[BlackClock "0:00:10"]

1. e4 d5 2. exd5 Nf6 3. d4 Nxd5 4. c4 Nf6 5. Nc3 Bf5 6. Nf3 e6 7. Be2 c6 8. O-O h6 9. h3 Nbd7 10. Be3 Be7 11. Qd2 Ne4 12. Nxe4 Bxe4 13. Rfd1 O-O 14. Rac1 a5 15. a3 Bh7 16. Ne5 Nxe5 17. dxe5 Qxd2 18. Rxd2 Rfd8 19. Rcd1 Rxd2 20. Rxd2 Rd8 21. Rxd8+ Bxd8 22. Bc5 Bc7 23. Bd6 Bxd6 24. exd6 Kf8 25. b4 axb4 26. axb4 Ke8 27. Kf1 Kd7 28. c5 e5 29. Ke1 f5 30. Kd2 Bg8 31. Kc3 Bd5 32. f3 b5 33. Bd3 f4 34. Bf5+ Kd8 35. Be4 Bxe4 36. fxe4 g5 37. Kd3 1-0


[Site "https://www.chess.com"]

[Event "Titled Tuesday Blitz May 03 Late 2022"]
[White "Carrasco Miranda, Andres"]
[Black "Hirneise, Jens"]
[WhiteFideId "3405990"]
[BlackFideId "24614734"]
[WhiteElo "2177"]
[BlackElo "2359"]
[Result "0-1"]
[Round "02"]
[TimeControl "180+1"]
[Date "2022.05.03"]
[WhiteClock "0:00:55"]
[BlackClock "0:01:04"]

1. d4 Nf6 2. c4 Nc6 3. Nf3 e6 4. a3 d5 5. cxd5 exd5 6. Nc3 h6 7. Bf4 a6 8. e3 Be7 9. Bd3 O-O 10. O-O Re8 11. Rc1 Bf8 12. Bb1 Ne4 13. Nd2 Nxc3 14. Rxc3 Bd6 15. Qc2 g6 16. Nf3 Bxf4 17. exf4 Qf6 18. Rxc6 Qxc6 19. Qxc6 bxc6 20. Ne5 a5 21. Nxc6 Re2 22. Ba2 Be6 23. f5 gxf5 24. Rb1 Kf8 25. g3 Ra6 26. Ne5 Rb6 27. Nd3 Rd2 28. Nf4 Rbxb2 29. Rxb2 Rxb2 30. Bxd5 Ke7 31. Bc6 Ra2 32. d5 Bd7 0-1


[Site "https://www.chess.com"]

[Event "Titled Tuesday Blitz May 03 Late 2022"]
[White "Deac, Bogdan-Daniel"]
[Black "Barp, Alberto"]
[WhiteFideId "1226380"]
[BlackFideId "872555"]
[WhiteElo "2648"]
[BlackElo "2229"]
[Result "1/2-1/2"]
[Round "02"]
[TimeControl "180+1"]
[Date "2022.05.03"]
[WhiteClock "0:00:08"]
[BlackClock "0:00:07"]

1. d4 Nf6 2. c4 e6 3. Nf3 d5 4. g3 Bb4+ 5. Bd2 Bd6 6. Nc3 O-O 7. Qc2 Nc6 8. cxd5 exd5 9. Bg2 Bg4 10. e3 Nb4 11. Qb1 Qc8 12. O-O Bf5 13. Qd1 Bd3 14. Ne2 Bc2 15. Qc1 Bd3 16. Bxb4 Bxb4 17. Qd1 Bf5 18. a3 Bd6 19. b4 c6 20. Nc3 h6 21. Qb3 b5 22. Rfc1 Qd7 23. Ne2 Rfe8 24. a4 a6 25. Nf4 Rac8 26. Qb2 g5 27. axb5 gxf4 28. Ne5 Qe6 29. exf4 axb5 30. Ra6 Bxe5 31. fxe5 Nd7 32. Qd2 Kh7 33. Qf4 Qg6 34. Bxd5 Nb8 35. Rb6 Red8 36. Bf3 Kg7 37. h4 Be6 38. d5 cxd5 39. Rxc8 Rxc8 40. Rxb5 Qd3 41. Rb7 Nc6 42. Bh5 Rf8 43. Qf6+ Kg8 44. Bxf7+ Bxf7 45. e6 Qb1+ 46. Kh2 Qh7 47. exf7+ Rxf7 48. Rxf7 Qxf7 49. Qxc6 Qxf2+ 50. Kh3 Qf5+ 51. Kg2 Qe4+ 52. Kf2 Qc2+ 53. Ke3 Qe4+ 54. Kd2 Qg2+ 55. Kd3 Qe4+ 56. Kd2 Qg2+ 57. Kc1 Qg1+ 58. Kb2 Qf2+ 59. Kb3 Qxg3+ 60. Ka4 Qd3 61. Qxh6 Qc2+ 62. Ka5 Qa2+ 63. Kb6 Qc4 64. Qg6+ Kf8 65. Qd6+ Kf7 66. h5 d4 67. h6 d3 68. Qd7+ Kg6 69. Qd6+ Kh7 70. b5 Qc3 71. Qd7+ Kxh6 72. Kb7 d2 73. Qd6+ Kg5 74. Qd5+ Kf4 75. b6 Ke3 76. Kb8 Qd3 77. Qe5+ Kf2 78. Qf4+ Ke2 79. Qe5+ Qe3 80. Qb5+ Ke1 81. Qa5 Qxb6+ 82. Qxb6 d1=Q 83. Qg1+ Kd2 84. Qd4+ Ke1 85. Qg1+ Kd2 86. Qxd1+ Kxd1 1/2-1/2


[Site "https://www.chess.com"]

[Event "Titled Tuesday Blitz May 03 Late 2022"]
[White "Dimakiling, Oliver"]
[Black "Kohler, Aran"]
[WhiteFideId "5202248"]
[BlackFideId "1002856"]
[WhiteElo "2426"]
[BlackElo "2324"]
[Result "0-1"]
[Round "02"]
[TimeControl "180+1"]
[Date "2022.05.03"]
[WhiteClock "0:01:17"]
[BlackClock "0:01:02"]

1. e4 c6 2. d3 d5 3. Nd2 e5 4. Ngf3 Bd6 5. Be2 Ne7 6. O-O O-O 7. Re1 Ng6 8. Bf1 Re8 9. c3 Nd7 10. b4 a5 11. exd5 cxd5 12. b5 b6 13. a4 Bb7 14. c4 Bb4 15. Ba3 Bxa3 16. Rxa3 d4 17. Ne4 h6 18. Nd6 Bxf3 19. Qxf3 Rf8 20. Ra2 Nc5 21. Nf5 Qf6 22. g3 Rfe8 23. Bg2 Rad8 24. Rae2 e4 25. dxe4 d3 26. Rd2 Qc3 27. Qd1 Qxc4 28. Ne3 Qxa4 29. Qxa4 Nxa4 30. Nd5 Rxd5 31. Ra1 Rd4 32. f4 Nc5 33. Ra3 Nxe4 34. Bxe4 Rexe4 35. Raxd3 Rxd3 36. Rxd3 Rb4 37. Rd8+ Nf8 38. Rd7 Rxb5 39. Rb7 a4 0-1


[Site "https://www.chess.com"]

[Event "Titled Tuesday Blitz May 03 Late 2022"]
[White "Djokic, Mihailo"]
[Black "Kamsky, Gata"]
[WhiteFideId "976440"]
[BlackFideId "2000024"]
[WhiteElo "2202"]
[BlackElo "2645"]
[Result "0-1"]
[Round "02"]
[TimeControl "180+1"]
[Date "2022.05.03"]
[WhiteClock "0:00:01"]
[BlackClock "0:00:27"]

1. e4 e5 2. Nf3 Nc6 3. Nc3 Nf6 4. Bb5 Bb4 5. O-O O-O 6. d3 Bxc3 7. bxc3 d6 8. Re1 h6 9. d4 Bd7 10. Rb1 b6 11. h3 Re8 12. Bd3 Na5 13. c4 c5 14. d5 Rf8 15. Bd2 Nb7 16. Qc1 Nh7 17. Be3 Qe7 18. Qd2 Nd8 19. Nh2 f6 20. Nf1 Nf7 21. Ng3 Rfb8 22. Be2 Qe8 23. Bh5 Qf8 24. Qe2 Kh8 25. h4 a6 26. Qf3 b5 27. Nf5 Be8 28. Qg3 bxc4 29. Bg6 a5 30. h5 Nhg5 31. Nh4 Kg8 32. Bf5 Qe7 33. Ng6 Qc7 34. f4 exf4 35. Bxf4 Ne5 36. Nh4 Rxb1 37. Rxb1 Rb8 38. Rxb8 Qxb8 39. Qc3 Qb4 40. Bd2 Qxc3 41. Bxc3 a4 42. g4 Nef3+ 43. Nxf3 Nxf3+ 44. Kf2 Nd4 45. Be6+ Kf8 46. Bxd4 cxd4 47. Ke2 a3 48. Kd2 Ba4 49. c3 d3 50. Bf5 Ke7 51. Kc1 Bb3 52. axb3 a2 53. Kb2 d2 54. Kxa2 d1=Q 55. bxc4 Qc2+ 0-1


[Site "https://www.chess.com"]

[Event "Titled Tuesday Blitz May 03 Late 2022"]
[White "Dobre, Claudiu-Cristian"]
[Black "Kujawski, Adam"]
[WhiteFideId "1211854"]
[BlackFideId "1100920"]
[WhiteElo "2207"]
[BlackElo "2053"]
[Result "1-0"]
[Round "02"]
[TimeControl "180+1"]
[Date "2022.05.03"]
[WhiteClock "0:00:17"]
[BlackClock "0:00:02"]

1. c4 e5 2. Nc3 Nc6 3. Nf3 f5 4. d4 e4 5. Ne5 Nf6 6. Bg5 Be7 7. e3 O-O 8. Nxc6 bxc6 9. Qb3 Kh8 10. Be2 d6 11. O-O Be6 12. Qa4 Bd7 13. c5 d5 14. b4 a6 15. Qc2 Ng8 16. Bf4 g5 17. Be5+ Bf6 18. f4 Nh6 19. Bxf6+ Qxf6 20. a4 Rg8 21. Kh1 Rg7 22. b5 Rag8 23. g3 gxf4 24. Rxf4 Rxg3 25. hxg3 Rxg3 26. Bf1 Ng4 27. Rxg4 fxg4 28. Qh2 Rxe3 29. Qe5 Qxe5 30. dxe5 axb5 31. a5 Bc8 32. Ne2 Ba6 33. Nd4 Kg7 34. Nxc6 h5 35. Nb4 Bc8 36. Nxd5 Rb3 37. a6 Bxa6 38. Rxa6 c6 39. Rxc6 h4 40. Nf4 1-0


[Site "https://www.chess.com"]

[Event "Titled Tuesday Blitz May 03 Late 2022"]
[White "Wagner, Dinara"]
[Black "Fernandez Siles, Luis"]
[WhiteFideId "24157570"]
[BlackFideId "2209420"]
[WhiteElo "2216"]
[BlackElo "2212"]
[Result "1-0"]
[Round "02"]
[TimeControl "180+1"]
[Date "2022.05.03"]
[WhiteClock "0:00:25"]
[BlackClock "0:00:02"]

1. Nf3 Nf6 2. d4 g6 3. c4 Bg7 4. g3 O-O 5. Bg2 d6 6. O-O c6 7. Nc3 Qa5 8. e4 e5 9. d5 cxd5 10. cxd5 Bd7 11. a3 Rc8 12. Bd2 Qd8 13. Qb3 Na6 14. Qd1 Nc5 15. Bg5 a5 16. Nd2 b5 17. b4 axb4 18. axb4 Nd3 19. Rxa8 Rxa8 20. Qb3 h6 21. Be3 Ng4 22. Nd1 Nc1 23. Qb2 Ne2+ 24. Kh1 f5 25. exf5 gxf5 26. Nb3 Nd4 27. Nxd4 Nxe3 28. fxe3 exd4 29. exd4 Qf6 30. Qc2 Rc8 31. Qa2 Qxd4 32. Nf2 Qxb4 33. Qa7 Be8 34. Nh3 Bg6 35. Nf4 Kh7 36. Nxg6 Kxg6 37. Qd7 Qc5 38. Qxf5# 1-0


[Site "https://www.chess.com"]

[Event "Titled Tuesday Blitz May 03 Late 2022"]
[White "Drygalov, Sergey"]
[Black "Stoleriu, George"]
[WhiteFideId "24171743"]
[BlackFideId "1227505"]
[WhiteElo "2514"]
[BlackElo "2178"]
[Result "1-0"]
[Round "02"]
[TimeControl "180+1"]
[Date "2022.05.03"]
[WhiteClock "0:01:24"]
[BlackClock "0:01:13"]

1. d4 e6 2. c4 Nf6 3. Nc3 Bb4 4. a3 Bxc3+ 5. bxc3 b6 6. e3 O-O 7. Bd3 c5 8. Ne2 Ba6 9. e4 Ne8 10. O-O Nc6 11. f4 Na5 12. f5 exf5 13. exf5 f6 14. Bf4 Kh8 15. Rf3 Bxc4 16. Rh3 Bg8 17. Be3 c4 18. Bc2 Bf7 19. Nf4 Kg8 20. Ng6 Bxg6 21. fxg6 h6 22. Qh5 Qe7 23. Qd5+ Qe6 24. Qxa8 Nc6 25. d5 Qxd5 26. Rd1 Qe6 27. Qc8 Nd6 28. Qc7 Nb5 29. Qxd7 Qxd7 30. Rxd7 Nxc3 31. Bxh6 Ne2+ 32. Kf2 gxh6 33. Kxe2 Re8+ 34. Kf2 Ne5 35. Rd4 Kg7 36. Re3 Rc8 37. Bf5 Rc5 38. g4 c3 39. Rxe5 fxe5 40. Rd7+ Kf6 41. Rf7+ Kg5 42. g7 1-0


[Site "https://www.chess.com"]

[Event "Titled Tuesday Blitz May 03 Late 2022"]
[White "Erdogdu, Mert"]
[Black "D`Arruda, Ricardo D."]
[WhiteFideId "6301495"]
[BlackFideId "100692"]
[WhiteElo "2485"]
[BlackElo "2419"]
[Result "1-0"]
[Round "02"]
[TimeControl "180+1"]
[Date "2022.05.03"]
[WhiteClock "0:01:37"]
[BlackClock "0:00:42"]

1. e4 c5 2. Nf3 e6 3. d4 cxd4 4. Nxd4 d6 5. Nc3 Nf6 6. g4 Be7 7. g5 Nfd7 8. h4 Nc6 9. Be3 Nb6 10. Qe2 d5 11. O-O-O O-O 12. Bg2 Nc4 13. exd5 Nxe3 14. fxe3 exd5 15. Nxd5 Nxd4 16. exd4 Bd6 17. Rhe1 Qa5 18. Kb1 Be6 19. c4 Rfe8 20. Qf3 Bf8 21. Re5 Bxd5 22. Qxd5 Qxd5 23. Bxd5 Rxe5 24. dxe5 Rb8 25. Rf1 Kh8 26. Rxf7 Bc5 27. e6 b5 28. cxb5 Rxb5 29. Rc7 1-0


[Site "https://www.chess.com"]

[Event "Titled Tuesday Blitz May 03 Late 2022"]
[White "Ezat, Mohamed"]
[Black "Licznerski, Lukasz"]
[WhiteFideId "10600906"]
[BlackFideId "1179250"]
[WhiteElo "2386"]
[BlackElo "2422"]
[Result "1/2-1/2"]
[Round "02"]
[TimeControl "180+1"]
[Date "2022.05.03"]
[WhiteClock "0:00:08"]
[BlackClock "0:00:07"]

1. d4 Nf6 2. c4 g6 3. Nc3 d5 4. Bg5 Bg7 5. Bxf6 Bxf6 6. cxd5 c6 7. e3 cxd5 8. h4 h5 9. Nge2 Nc6 10. Nf4 e6 11. a3 Bd7 12. Rc1 Na5 13. g3 Rc8 14. Bd3 Nc4 15. Qe2 Kf8 16. O-O Kg7 17. Rfd1 Nd6 18. Nb5 Bxb5 19. Bxb5 a6 20. Bd3 b5 21. b3 Qa5 22. Qb2 Be7 23. Rxc8 Rxc8 24. Rc1 Rc7 25. Qb1 Rxc1+ 26. Qxc1 Ne4 27. b4 Qb6 28. Qc2 Qb7 29. Kg2 Bd6 30. f3 Bxf4 31. fxe4 Bxe3 32. Qc3 dxe4 33. Be2 Bh6 34. d5+ Kh7 35. dxe6 fxe6 36. Qf6 e3+ 37. Bf3 Qg7 38. Qxe6 Qb2+ 39. Kh3 Qg7 40. Qe4 Qf7 41. Bg2 Qd7+ 42. Kh2 Qc7 43. Bf3 Qg7 44. Bxh5 Qf6 45. Bf3 Kg8 46. Qa8+ Bf8 47. Qd5+ Kg7 48. Qe4 Qe7 49. Qd4+ Kh7 50. Be4 e2 51. Qe3 Bh6 52. Qxe2 Qg7 53. Qd3 Qb2+ 54. Kh3 Qf6 55. h5 Qe6+ 56. g4 Kg7 57. Bxg6 Qe3+ 58. Qxe3 Bxe3 59. Be4 Bc1 60. Bb7 Kh6 61. Kh4 Bg5+ 62. Kg3 Bc1 63. Kf3 Bxa3 64. Kf4 Bc1+ 65. Kf5 Bd2 66. Bxa6 Bxb4 67. Bxb5 Bd2 68. Be8 Bg5 69. Bg6 Bc1 70. g5+ Bxg5 71. Bf7 Bc1 72. Bg6 Bg5 73. Bf7 Bc1 74. Bg6 Bg5 1/2-1/2


[Site "https://www.chess.com"]

[Event "Titled Tuesday Blitz May 03 Late 2022"]
[White "Fernandez, Daniel Howard"]
[Black "Ambartsumova, Karina"]
[WhiteFideId "5801605"]
[BlackFideId "4166299"]
[WhiteElo "2466"]
[BlackElo "2262"]
[Result "1-0"]
[Round "02"]
[TimeControl "180+1"]
[Date "2022.05.03"]
[WhiteClock "0:00:20"]
[BlackClock "0:00:04"]

1. e4 e5 2. Nf3 Nc6 3. Bb5 a6 4. Ba4 Nf6 5. O-O Be7 6. Re1 b5 7. Bb3 O-O 8. d4 Nxd4 9. Nxd4 exd4 10. e5 Ne8 11. c3 d6 12. cxd4 dxe5 13. Qf3 Rb8 14. dxe5 Be6 15. Nc3 c5 16. Rd1 Qc8 17. Nd5 Bd8 18. Bc2 f5 19. Nf4 Nc7 20. Rd6 Be7 21. Rc6 Qd7 22. Rxc7 Qxc7 23. Nxe6 Qxe5 24. Qe3 Qxe3 25. Bxe3 Rfc8 26. Bxf5 Rc6 27. Rd1 Kf7 28. Ng5+ Kf6 29. Be4 Rd6 30. Nxh7+ Ke5 31. Rxd6 Kxd6 32. Ng5 Ke5 33. f4+ Kf6 34. g4 Rd8 35. Nf3 Rd1+ 36. Kf2 Ra1 37. Bd5 Bd6 38. f5 c4 39. Bg5# 1-0


[Site "https://www.chess.com"]

[Event "Titled Tuesday Blitz May 03 Late 2022"]
[White "Fiorito, Fabian"]
[Black "Papasimakopoulos, Alexandros"]
[WhiteFideId "100200"]
[BlackFideId "4244125"]
[WhiteElo "2395"]
[BlackElo "2340"]
[Result "0-1"]
[Round "02"]
[TimeControl "180+1"]
[Date "2022.05.03"]
[WhiteClock "0:00:11"]
[BlackClock "0:00:18"]

1. e4 e6 2. d4 d5 3. Nd2 Nf6 4. e5 Nfd7 5. Bd3 c5 6. c3 Nc6 7. Ngf3 a5 8. O-O cxd4 9. cxd4 Be7 10. Re1 g5 11. Rf1 g4 12. Ne1 h5 13. Nc2 Qb6 14. Re1 Nxd4 15. Nxd4 Qxd4 16. Nb3 Qb4 17. Bd2 Qb6 18. Be3 Qd8 19. Bb5 a4 20. Nd4 Qa5 21. Rc1 Kd8 22. Bd2 Bb4 23. Bg5+ Be7 24. Bxe7+ Kxe7 25. Qe2 Qb6 26. Qe3 Rg8 27. Qa3+ Kd8 28. Qc3 a3 29. b3 Qa5 30. b4 Qb6 31. Rc2 Ke7 32. Qe3 Rg6 33. Rec1 Kd8 34. Bxd7 Kxd7 35. Rc7+ Ke8 36. Rxc8+ Rxc8 37. Rxc8+ Kd7 38. Rc5 Qxb4 39. Rb5 Qc4 40. g3 Rg8 41. Rxb7+ Kc8 42. Ra7 Kb8 43. Qxa3 Qxd4 44. Ra8+ Kc7 45. Qa6 Qd1+ 46. Kg2 Qf3+ 47. Kg1 Qd1+ 48. Kg2 Rxa8 49. Qxa8 Qf3+ 50. Kg1 Kb6 51. Qb8+ Kc5 52. Qc7+ Kd4 53. a4 Qd1+ 54. Kg2 Qxa4 55. Qxf7 Qc6 56. Qxh5 Kc3 57. Qxg4 d4+ 58. Kh3 d3 59. Qf3 Qxf3 0-1


[Site "https://www.chess.com"]

[Event "Titled Tuesday Blitz May 03 Late 2022"]
[White "Fishbein, Alexander"]
[Black "Keymer, Vincent"]
[WhiteFideId "2000377"]
[BlackFideId "12940690"]
[WhiteElo "2442"]
[BlackElo "2557"]
[Result "1-0"]
[Round "02"]
[TimeControl "180+1"]
[Date "2022.05.03"]
[WhiteClock "0:00:08"]
[BlackClock "0:00:12"]

1. e4 c6 2. d4 d5 3. Nc3 dxe4 4. Nxe4 Nf6 5. Qd3 Nbd7 6. Nf3 Nxe4 7. Qxe4 Nf6 8. Qd3 g6 9. Be2 Bg7 10. O-O O-O 11. Qb3 a5 12. a4 Be6 13. Bc4 Bxc4 14. Qxc4 Nd5 15. Qb3 Qb6 16. Qd3 h6 17. h4 Rad8 18. c3 c5 19. dxc5 Qxc5 20. Qb5 Qc7 21. h5 g5 22. Re1 Rd6 23. Bd2 Rc8 24. Rac1 Nb6 25. Qxa5 Nc4 26. Qxc7 Rxc7 27. Rc2 g4 28. Nd4 e5 29. Nb5 Rcd7 30. Nxd6 Rxd6 31. Bc1 f5 32. b3 Na5 33. c4 Nxb3 34. c5 Rc6 35. Bb2 e4 36. Bxg7 Kxg7 37. Rd1 Nxc5 38. Rd5 Nxa4 39. Rxc6 bxc6 40. Rxf5 Nc3 41. Rc5 Ne2+ 42. Kf1 Nd4 43. Rc4 Nf5 44. Rxe4 g3 45. Rc4 gxf2 46. Kxf2 Ne7 47. Rc5 Kf7 48. Kf3 Ke6 49. g4 Kd6 50. Rc1 Ke6 51. Ke4 Kf6 52. Rd1 Kg5 53. Rd7 Kf6 54. Rd6+ Kg5 55. Kf3 c5 56. Re6 Nd5 57. Re5+ Kh4 58. Rxd5 c4 59. Rd4 c3 60. Rc4 Kh3 61. Rxc3 Kh2 62. g5 hxg5 63. h6 g4+ 64. Kxg4 Kg2 65. h7 Kg1 66. h8=Q Kg2 67. Qh3+ Kg1 68. Rc1+ Kf2 69. Rc2+ Ke1 70. Qh1# 1-0


[Site "https://www.chess.com"]

[Event "Titled Tuesday Blitz May 03 Late 2022"]
[White "Gascon Del Nogal, Jose Rafael"]
[Black "Sarkar, Justin"]
[WhiteFideId "3902463"]
[BlackFideId "2010011"]
[WhiteElo "2473"]
[BlackElo "2038"]
[Result "0-1"]
[Round "02"]
[TimeControl "180+1"]
[Date "2022.05.03"]
[WhiteClock "0:00:01"]
[BlackClock "0:00:03"]

1. c4 f5 2. g3 Nf6 3. Bg2 e6 4. Nf3 Be7 5. O-O O-O 6. d3 c5 7. Nc3 Nc6 8. e4 b6 9. exf5 exf5 10. Re1 Bb7 11. Bf4 d6 12. Ng5 Qd7 13. Nd5 Rae8 14. Nxf6+ Bxf6 15. Bd5+ Kh8 16. Be6 Qc7 17. Nxh7 Rxe6 18. Qh5 Rxe1+ 19. Rxe1 g6 20. Qh3 Qxh7 21. Bh6 Nd4 22. Kf1 Nf3 23. Re2 Bg5 24. Qg2 Qxh6 25. h4 Nd2+ 26. Rxd2 Bxg2+ 0-1


[Site "https://www.chess.com"]

[Event "Titled Tuesday Blitz May 03 Late 2022"]
[White "Golubev, Mikhail"]
[Black "Itkis, Boris"]
[WhiteFideId "14100983"]
[BlackFideId "1209167"]
[WhiteElo "2374"]
[BlackElo "2207"]
[Result "1-0"]
[Round "02"]
[TimeControl "180+1"]
[Date "2022.05.03"]
[WhiteClock "0:02:08"]
[BlackClock "0:01:19"]

1. e4 e5 2. Nf3 Nc6 3. Bb5 a6 4. Ba4 d6 5. O-O Bd7 6. c3 Nge7 7. d4 Ng6 8. Ng5 Be7 9. Qh5 h6 10. Nxf7 Kxf7 11. Bb3+ Kf6 12. f4 exd4 13. e5+ dxe5 14. fxe5# 1-0


[Site "https://www.chess.com"]

[Event "Titled Tuesday Blitz May 03 Late 2022"]
[White "Gombocz, Ferenc Jr."]
[Black "Vovk, Orest"]
[WhiteFideId "775029"]
[BlackFideId "14113490"]
[WhiteElo "1913"]
[BlackElo "2203"]
[Result "0-1"]
[Round "02"]
[TimeControl "180+1"]
[Date "2022.05.03"]
[WhiteClock "0:00:35"]
[BlackClock "0:01:51"]

1. c4 Nc6 2. g3 d5 3. cxd5 Qxd5 4. Nf3 Bg4 5. Nc3 Qh5 6. Bg2 Bh3 7. O-O Nf6 8. d4 Ng4 9. Bf4 O-O-O 10. d5 e5 11. Be3 Nxe3 12. fxe3 Bxg2 13. Kxg2 e4 14. Nxe4 Rxd5 15. Qb3 Be7 16. Rfd1 Rhd8 17. Rxd5 Qxd5 18. Qxd5 Rxd5 19. Nc3 Rd6 20. Rd1 Rxd1 21. Nxd1 Bf6 22. a3 a5 23. Kf2 a4 24. Nd2 Ne5 25. h3 c6 26. Nc3 b5 27. Nce4 Be7 28. Nc3 Kd7 29. g4 Ke6 30. Kg3 Bd6 31. Kf2 h6 32. e4 Bc7 33. e3 Nd3+ 34. Ke2 Nxb2 35. Nf3 Nc4 36. Nd4+ Kd7 37. Kd3 Nxa3 38. Nf5 Be5 39. Nd4 Nc4 40. Nxa4 bxa4 41. Kxc4 a3 42. Kb3 c5 43. Nc2 Bb2 44. Ne1 c4+ 45. Kxc4 a2 46. Nc2 a1=Q 47. Nxa1 Bxa1 48. Kd5 f6 49. Kc4 Ke6 50. Kd3 Ke5 51. Kd2 Kxe4 52. Ke2 Bb2 53. Kf2 Ba3 54. Kg3 Bc5 55. Kh4 g6 56. Kg3 Bxe3 57. Kg2 Bf4 0-1


[Site "https://www.chess.com"]

[Event "Titled Tuesday Blitz May 03 Late 2022"]
[White "Gutierrez Olivares, Daniel"]
[Black "Khabinets, Ivan"]
[WhiteFideId "2264005"]
[BlackFideId "14115980"]
[WhiteElo "2317"]
[BlackElo "2114"]
[Result "1-0"]
[Round "02"]
[TimeControl "180+1"]
[Date "2022.05.03"]
[WhiteClock "0:00:08"]
[BlackClock "0:00:02"]

1. Nf3 d5 2. g3 g6 3. c4 Bg7 4. cxd5 Nf6 5. Nc3 Nxd5 6. Bg2 O-O 7. h4 h5 8. Qb3 Nb6 9. Ng5 Nc6 10. d3 Nd4 11. Qd1 e5 12. b3 c6 13. Ba3 Re8 14. Nce4 Nd5 15. Nd6 Qa5+ 16. Kf1 Qxa3 17. Nxe8 Bg4 18. Bxd5 Bxe2+ 19. Qxe2 Nxe2 20. Bxf7+ Kf8 21. Nc7 e4 22. Nce6+ Ke7 23. Nxg7 exd3 24. Bc4 Rf8 25. Kg2 Qb2 26. Raf1 Qxg7 27. Ne6 Qe5 28. Nxf8 Kxf8 29. Rd1 Qe4+ 30. Kh2 Qf3 31. Rhf1 b5 32. Rxd3 Qe4 33. Re3 Qg4 34. Bxe2 Qd7 35. Bf3 Qd6 36. Rfe1 Kf7 37. R1e2 a5 38. Kg2 a4 39. Re6 Qa3 40. Rxc6 axb3 41. axb3 Qxb3 42. Rc7+ Kf6 43. Rec2 b4 44. R2c6+ Ke5 45. Rc5+ Kd6 46. R7c6+ Kd7 47. Rb5 Qa3 48. Rcb6 Qc1 49. Rxb4 Qc2 50. Rb7+ Kc8 51. Rf4 Qd2 52. Rf8+ 1-0


[Site "https://www.chess.com"]

[Event "Titled Tuesday Blitz May 03 Late 2022"]
[White "Hamley, Ryan"]
[Black "Petrova, Irina"]
[WhiteFideId "30959497"]
[BlackFideId "14124122"]
[WhiteElo "2507"]
[BlackElo "1993"]
[Result "1-0"]
[Round "02"]
[TimeControl "180+1"]
[Date "2022.05.03"]
[WhiteClock "0:00:55"]
[BlackClock "0:00:15"]

1. e4 c5 2. Nf3 Nc6 3. Bb5 g6 4. O-O Bg7 5. c3 Nf6 6. Re1 O-O 7. d4 cxd4 8. cxd4 d5 9. e5 Ne4 10. Nbd2 Nxd2 11. Qxd2 Bg4 12. Be2 Qb6 13. Rd1 Rac8 14. b3 f6 15. Ba3 fxe5 16. Nxe5 Nxe5 17. dxe5 Qxf2+ 18. Kh1 Qxe2 19. Qxd5+ Kh8 20. Bxe7 Rfe8 21. Bf6 Be6 22. Qxb7 Rg8 23. Qxa7 Ra8 24. Bxg7+ Rxg7 25. Qxa8+ Bg8 26. Re1 Qd2 27. e6 Re7 28. Qf8 Qd6 29. Qf6+ Rg7 30. Rad1 Qe7 31. Qxe7 Rxe7 32. Rd7 Rxe6 33. Rxe6 Bxe6 34. Re7 1-0


[Site "https://www.chess.com"]

[Event "Titled Tuesday Blitz May 03 Late 2022"]
[White "Hernandez Bermudez, Ulises Eduardo"]
[Black "Tisaj, Domen"]
[WhiteFideId "3902510"]
[BlackFideId "14628708"]
[WhiteElo "2056"]
[BlackElo "2333"]
[Result "0-1"]
[Round "02"]
[TimeControl "180+1"]
[Date "2022.05.03"]
[WhiteClock "0:01:46"]
[BlackClock "0:01:55"]

1. e4 c5 2. c3 Nf6 3. e5 Nd5 4. d4 cxd4 5. Qxd4 e6 6. Nf3 Nc6 7. Qe4 f5 8. Qe2 Bc5 9. g3 O-O 10. Bg2 b6 11. O-O Bb7 12. Rd1 Qc7 13. a3 a5 14. Nbd2 Rae8 15. Nb3 Be7 16. c4 Ba6 17. Qc2 Na7 18. Nbd2 b5 0-1


[Site "https://www.chess.com"]

[Event "Titled Tuesday Blitz May 03 Late 2022"]
[White "Herrera Reyes, Jose Antonio"]
[Black "Vega Gutierrez, Sabrina"]
[WhiteFideId "2274914"]
[BlackFideId "2219026"]
[WhiteElo "2361"]
[BlackElo "2286"]
[Result "1-0"]
[Round "02"]
[TimeControl "180+1"]
[Date "2022.05.03"]
[WhiteClock "0:02:32"]
[BlackClock "0:02:15"]

1. Nf3 d5 2. g3 c6 3. Bg2 Bg4 4. O-O Nd7 5. d3 e6 6. c3 Bd6 7. Qb3 b5 8. a4 Nc5 9. Qc2 Nxa4 10. Nd4 Qc7 11. c4 a6 12. b3 Nc5 13. cxb5 cxb5 14. Nxb5 Qd8 15. Nxd6+ Qxd6 16. Ba3 1-0


[Site "https://www.chess.com"]

[Event "Titled Tuesday Blitz May 03 Late 2022"]
[White "Ibarra Jerez, Jose Carlos"]
[Black "Bibasa, Bob"]
[WhiteFideId "2226332"]
[BlackFideId "10000240"]
[WhiteElo "2626"]
[BlackElo "2056"]
[Result "1-0"]
[Round "02"]
[TimeControl "180+1"]
[Date "2022.05.03"]
[WhiteClock "0:02:39"]
[BlackClock "0:02:34"]

1. e4 c5 2. Nc3 Nc6 3. Bb5 Nd4 4. Nf3 Nxb5 5. Nxb5 Nf6 6. e5 Nd5 7. Ng5 Nc7 8. Qh5 g6 9. Qf3 f6 10. exf6 exf6 11. Nxc7+ Qxc7 12. Qxf6 Rg8 13. Qf7+ Kd8 14. Qxg8 Qe5+ 15. Kf1 Qxg5 16. Qxf8+ Kc7 17. d4 Qg4 18. Bf4+ 1-0


[Site "https://www.chess.com"]